 Dungeon Crawl Stone Soup version 0.28.0 (webtiles) character file.

Game seed: 3645257816500308105

53 Prodoman the Magician (level 3, 0/24 HPs)
             Began as a Demonspawn Hedge Wizard on Feb 4, 2022.
             Succumbed to an adder's poison
             ... on level 2 of the Dungeon.
             The game lasted 00:03:29 (1918 turns).

Prodoman the Magician (Demonspawn Hedge Wizard)     Turns: 1918, Time: 00:03:30

Health: 0/24       AC:  2    Str: 10    XL:     3   Next: 64%
Magic:  1/8        EV: 12    Int: 17    God:
Gold:   16         SH:  0    Dex: 12    Spells: 8/9 levels left

rFire   . . .      SeeInvis .   a - +0 dagger
rCold   . . .      Faith    .   (no shield)
rNeg    . . .      Spirit   .   b - +0 robe
rPois   .          Reflect  .   c - +0 hat
rElec   .          Harm     .   (no cloak)
rCorr   .          Rampage  .   (no gloves)
Will    .....                   (no boots)
Stlth   ++........              (no amulet)
HPRegen 0.08/turn               (no ring)
MPRegen 0.11/turn               (no ring)

@: lethally poisoned (0 -> -1), very slightly contaminated
A: demonic guardian 1, weakness stinger 1
a: no special abilities


You were on level 2 of the Dungeon.
You visited 1 branch of the dungeon, and saw 2 of its levels.

You collected 16 gold pieces.

Inventory:

Hand Weapons
 a - a +0 dagger (weapon)
Armour
 b - a +0 robe (worn)
 c - a +0 hat (worn)
Scrolls
 d - a scroll of brand weapon {unknown}
 e - 2 scrolls of identify {unknown}
 g - a scroll of enchant weapon {unknown}
Potions
 f - 2 potions of resistance {unknown}


   Skills:
 + Level 2.1 Dodging
 + Level 2.2 Stealth
 * Level 3.5 Spellcasting
 + Level 1.5 Conjurations
 + Level 1.5 Summonings
 - Level 1.0 Translocations


You had 8 spell levels left.
You knew the following spells:

 Your Spells              Type           Power      Damage    Failure   Level
a - Magic Dart            Conj           32%        1d4       9%          1

Your spell library contained the following spells:

 Spells                   Type           Power      Damage    Failure   Level
 Call Imp                 Summ           8%         N/A       13%         2
 Slow                     Hex            12%        N/A       17%         1
 Blink                    Tloc           12%        N/A       17%         2
 Conjure Flame            Conj/Fire      5%         6-21      36%         3
 Dazzling Flash           Conj/Hex       10%        N/A       36%         3
 Mephitic Cloud           Conj/Pois/Air  4%         N/A       38%         3
 Iskenderun's Mystic Bla  Conj/Tloc      7%         2d4       69%         4
 Starburst                Conj/Fire      2%         6d3       100%        6


Dungeon Overview and Level Annotations

Branches:
Dungeon (2/15)

Altars:


Innate Abilities, Weirdness & Mutations

A weak demonic guardian rushes to your aid.
You have a small tail.


Message History

You kill the adder!
You feel sick. The ball python closely misses you. The ball python grabs you.
The ball python constricts you.
Hit: a) +0 dagger
Press: ? - help, Dir - move target, f - ball python
Aim: a ball python (constricting you, about 42% to evade your +0 dagger)
You barely miss the ball python.
You feel sick. The ball python closely misses you.
The ball python constricts you. The ball python barely misses you.
The ball python constricts you.
Casting: Magic Dart (safe; 9% risk of failure)
Confirm with . or Enter, or press ? or * to list all spells.
Aiming: Magic Dart (safe; 9% risk of failure)
Press: ? - help, Shift-Dir - straight line, f/p - ball python
Aim: a ball python (constricting you, 100% to hit)
You miscast Magic Dart.
You are very lightly contaminated with residual magic.
Nothing appears to happen.
You feel sick. The ball python barely misses you.
The ball python constricts you.
* * * LOW HITPOINT WARNING * * *
Hit: a) +0 dagger
Press: ? - help, Dir - move target, f/p - ball python
Aim: a ball python (constricting you, about 42% to evade your +0 dagger)
You barely miss the ball python.
You tail-slap the ball python, but do no damage.
You feel sick. The ball python bites you.
* * * LOW HITPOINT WARNING * * *
A demonic guardian appears!
The ball python constricts you.
Hit: a) +0 dagger
Press: ? - help, Dir - move target, f/p - ball python
Aim: a ball python (constricting you, ally target, about 42% to evade your +0 dagger)
You hit the ball python but do no damage.
* * * LOW HITPOINT WARNING * * *
You feel sick.
The ball python bites you but does no damage.
The ball python constricts you.
* * * LOW HITPOINT WARNING * * *
You escape the ball python's grasp.
* * * LOW HITPOINT WARNING * * *
You feel sick.
You die...

.......... #.# #......#.#
##........ .##.###......#
##........ ........<<...+
##........ .##.###......#
##..>..... #.#........#
##........ #.#.#.#.##.#
......########...#.#....#
.................#.#.##.#
.####+#.........@#.#.# #
.##..............#.#
.##.............S#..
.##.............5'...#
.................##.....
.................# ####
.....†..<....>...#
.................#
...##'#..........#


You could see a ball python (ally target) and a friendly quasit (summoned).

Vanquished Creatures
  2 adders (D:2)
  2 dart slugs (D:1)
  A ball python (D:1)
  3 bats
  2 endoplasms (D:1)
  6 goblins
  3 hobgoblins (D:1)
  A quokka (D:1)
  A frilled lizard (D:1)
  4 kobolds (D:1)
  5 rats
30 creatures vanquished.

Notes
Turn   | Place    | Note
-------+----------+-------------------------------------------
     0 | D:1      | Prodoman the Demonspawn Hedge Wizard began the quest for
                  | the Orb.
     0 | D:1      | Reached XP level 1. HP: 13/13 MP: 4/4
    56 | D:1      | Reached skill level 1 in Translocations
   638 | D:1      | Gained mutation: You have a small tail. [demonic ancestry]
   638 | D:1      | Reached XP level 2. HP: 19/19 MP: 3/6
  1325 | D:1      | Gained mutation: A weak demonic guardian rushes to your
                  | aid. [demonic ancestry]
  1325 | D:1      | Reached XP level 3. HP: 24/24 MP: 3/7
  1917 | D:2      | HP: 1/24 [poisoned by an adder]
  1918 | D:2      | Succumbed to an adder's poison

Illustrated notes

Levels and vault maps discovered:
D:1:      mrwooster_arrival_statue_2, layout_loops_corners
D:2:      layout_basic, ebering_ecumenical_altar_ruins,
          corexii_leaking_fountain, kennysheep_decorative_pillar

Skill      XL: |  1  2 |
---------------+-------+-----
Translocations | 1 |  1.0
Dodging        | 2 |  2.1
Stealth        | 2 |  2.2
Spellcasting   | |  3.5
Conjurations   | |  1.5
Summonings     | |  1.5

Action                   || total
-------------------------++-------
Melee: Dagger            ||    19
       Tailslap          ||     3
 Cast: Magic Dart        ||    67
Armor: Robe              ||    10
Dodge: Dodged            ||    25
